 Dungeon Crawl Stone Soup version 0.29-a0-23-ga79f92ac9c (webtiles) character file.

Game seed: 2093058212603071042

19741 Ajdolov the Spear-Bearer (level 12, -3/97 HPs)
             Began as a Gnoll Cinder Acolyte on Jan 30, 2022.
             Was an Initiate of Ru.
             Slain by a fire elemental (5 damage)
             ... created by the fiery vengeance of Ignis
             ... on level 2 of the Lair of Beasts.
             The game lasted 00:41:26 (18761 turns).

Ajdolov the Spear-Bearer (Gnoll Cinder Acolyte)    Turns: 18761, Time: 00:41:26

Health: -3/97      AC: 15    Str: 23    XL:     12   Next: 72%
Magic:  24/24      EV: 15    Int: 19    God:    Ru [......]
Gold:   488        SH:  0    Dex: 13    Spells: 25/27 levels left

rFire   . . .      SeeInvis .   t - +6 quarterstaff "Voruxed" {flame, rN++ Str+3}
rCold   . . .      Faith    .   (shield currently unavailable)
rNeg    + + .      Spirit   .   w - +1 leather armour of Tuhoac {rElec Dex+6}
rPois   .          Reflect  .   c - +2 hat
rElec   +          Harm     .   A - +0 cloak
rCorr   .          Rampage  .   (no gloves)
Will    .....                   B - +2 pair of boots
Stlth   ..........              (no amulet)
HPRegen 0.26/turn               x - +6 ring of strength
MPRegen 0.19/turn               C - +4 ring of protection

@: confused, fire susceptible
A: fangs 1, no stealth, strong nose, distributed training
a: Renounce Religion


You were on level 2 of the Lair of Beasts.
You worshipped Ru.
Ru was noncommittal.
You visited 2 branches of the dungeon, and saw 15 of its levels.

You collected 611 gold pieces.
You spent 123 gold pieces at shops.

Inventory:

Hand Weapons
 t - the +6 quarterstaff "Voruxed" (weapon) {flame, rN++ Str+3}
   (You found it on level 4 of the Dungeon)

   It burns those it strikes, dealing additional fire damage.
   Str:       It affects your strength (+3).
   rN:        It greatly protects you from negative energy.
Missiles
 D - a throwing net
Armour
 c - a +2 hat (worn)
 p - a +0 kite shield
 w - the +1 leather armour of Tuhoac (worn) {rElec Dex+6}
   (You found it on level 5 of the Dungeon)

   Dex:       It affects your dexterity (+6).
   rElec:     It insulates you from electricity.
 A - a +0 cloak (worn)
 B - a +2 pair of boots (worn)
Jewellery
 d - a ring of see invisible
 o - a +6 ring of dexterity
 x - a +6 ring of strength (left hand)
 C - a +4 ring of protection (right hand)
Wands
 y - a wand of flame (41)
 z - a wand of acid (7)
 K - a wand of paralysis (6)
Scrolls
 a - 2 scrolls of fog
 b - a scroll of holy word {unknown}
 e - 2 scrolls of torment {unknown}
 f - 2 scrolls of enchant weapon {unknown}
 h - 2 scrolls of magic mapping {unknown}
 j - 2 scrolls of silence
 k - 3 scrolls of teleportation {unknown}
 n - a scroll of blinking
 r - 3 scrolls of fear {unknown}
 s - a scroll of noise {unknown}
 u - a scroll of amnesia {unknown}
 E - a scroll of enchant armour {unknown}
 J - 2 scrolls of vulnerability {unknown}
 L - 2 scrolls of immolation {unknown}
Potions
 g - 2 potions of brilliance
 i - 3 potions of might
 m - 3 potions of degeneration
 q - a potion of resistance
 F - a potion of curing
 G - a potion of attraction
 I - 3 potions of mutation


   Skills:
 + Level 10.1 Fighting
 + Level 7.5 Short Blades
 + Level 7.5 Long Blades
 + Level 7.5 Axes
 + Level 7.5 Maces & Flails
 + Level 10.1 Polearms
 + Level 7.5 Staves
 + Level 7.5 Slings
 + Level 7.5 Bows
 + Level 7.5 Crossbows
 + Level 7.5 Throwing
 + Level 7.5 Armour
 + Level 7.5 Dodging
   Level 0.0 Stealth
 + Level 7.5 Shields
 + Level 7.5 Unarmed Combat
 + Level 8.1 Spellcasting
 + Level 6.3 Conjurations
 + Level 6.3 Hexes
 + Level 6.3 Summonings
 + Level 6.3 Necromancy
 + Level 6.3 Translocations
 + Level 6.3 Transmutations
 + Level 8.4 Fire Magic
 + Level 6.3 Ice Magic
 + Level 6.3 Air Magic
 + Level 6.3 Earth Magic
 + Level 6.3 Poison Magic
 + Level 8.3 Invocations
 + Level 7.5 Evocations


You had 25 spell levels left.
You knew the following spells:

 Your Spells              Type           Power      Damage    Failure   Level
a - Scorch                Fire           78%        2d8       1%          2

Your spell library contained the following spells:

 Spells                   Type           Power      Damage    Failure   Level
 Freeze                   Ice            100%       1d11      1%          1
 Corpse Rot               Necr/Air       62%        N/A       1%          2
 Sublimation of Blood     Necr           31%        N/A       1%          2
 Wereblood                Tmut           31%        N/A       1%          2
 Frozen Ramparts          Ice            62%        1d8       2%          3
 Summon Guardian Golem    Hex/Summ       31%        N/A       2%          3
 Cause Fear               Hex            15%        N/A       8%          4
 Dispel Undead            Necr           31%        3d14      8%          4
 Hailstorm                Conj/Ice       31%        3d8       8%          4
 Death Channel            Necr           15%        N/A       75%         6
 Dragon Form              Tmut           15%        N/A       99%         7
 Orb of Destruction       Conj           15%        9d7       99%         7
 Spellforged Servitor     Conj/Summ      15%        N/A       99%         7
 Summon Hydra             Summ           15%        N/A       99%         7
 Dragon's Call            Summ           15%        N/A       100%        9


Dungeon Overview and Level Annotations

Branches:
Dungeon (13/15)            Temple (0/1) D:5            Lair (1/6) D:10
    Orc: D:9-12      Vaults: D:13-14

Altars:
Ashenzari
Hepliaklqana
Nemelex Xobeh
Okawaru
Ru
Sif Muna
Yredelemnul
The Shining One

Shops:
D:6 ?

Annotations:
D:8 1 exclusion
D:10 1 runed translucent door, Edirash's ghost, novice MiBe
Lair:1 3 runed translucent doors, ThereIsNoGod's ghost, journeyman DsAK


Innate Abilities, Weirdness & Mutations

You have very sharp teeth.
You cannot be stealthy.
Your uncanny sense of smell can sniff out nearby items.
Your experience applies equally to all skills.


Message History

The fire elemental is heavily damaged.
The fire elemental closely misses you.
You bludgeon the fire elemental!!
You destroy the fire elemental!
That felt strangely unrewarding.
You start resting.
Magic restored.
Ignis wails with rage, and rains down burning fury!
The divine experience confuses you!
You are confused. 3 fire elementals come into view.
You are too confused!
You are too confused!
Unknown command.
You completely miss the fire elemental. The fire elemental hits you.
The fire elemental burns you! The fire elemental closely misses you.
The fire elemental hits you. The fire elemental burns you!
You hit the fire elemental.
The fire elemental is lightly damaged.
The fire elemental hits you. The fire elemental burns you!
The fire elemental hits you. The fire elemental burns you!
The fire elemental hits you. The fire elemental burns you!
Unknown command.
Okay, then.
You are too confused!
You're too confused to cast spells.
You are too confused!
You bump into the rock wall.
The fire elemental hits you. The fire elemental burns you!
* * * LOW HITPOINT WARNING * * *
The fire elemental completely misses you.
The fire elemental closely misses you. The fire elemental hits you.
The fire elemental burns you!
* * * LOW HITPOINT WARNING * * *
The fire elemental closely misses you.
The fire elemental completely misses you.
You're too confused to move!
The fire elemental hits you. The fire elemental burns you!
* * * LOW HITPOINT WARNING * * *
The fire elemental hits you. The fire elemental burns you!
You die...

##..... ..##
##########.....
.###...###.#..##..#..... .
..#....................
.♣.............###..####
#..#..........(####.## #
#+#....#.###....# #.P###
#....°E## #.#...# #.P#P#
####.....E@# ###...# #.....
.........E## ##.####.....
..........## ####..##.†....
..........☼###.#..###....>.
...................###.....
..................## #.....
........†..........###.....
..................P#.#.....
...........................


You could see 3 fire elementals.

Vanquished Creatures
  5 hydras
  2 two-headed ogres (D:8)
  2 death yaks (D:10)
  A deep elf pyromancer (D:10)
  A manticore (D:11)
  A cyclops (D:11)
  Joseph (D:8)
  A cane toad (Lair:2)
  Maggie (Lair:2)
  3 komodo dragons
  2 unseen horrors (D:11)
  A rime drake (Lair:1)
  A troll (D:9)
  A hornet (D:9)
  2 slime creatures (D:6)
  A spriggan (Lair:1)
  2 shadows (D:11)
  12 yaks
  2 wyverns
  4 vampire mosquitoes (D:9)
  Grum (D:11)
  A basilisk (Lair:1)
  6 steam dragons
  A wraith (D:11)
  5 fire elementals
  2 acid dragons
  3 water moccasins
  2 orc warriors (D:9)
  A hornet zombie (D:3)
  An ice beast (D:6)
  3 sky beasts
  3 ogres
  12 wolves
  2 centaurs
  4 kobold brigands
  5 bullfrogs
  A gnoll sergeant (D:8)
  A wyvern zombie (D:7)
  2 scorpions
  A water moccasin skeleton (D:5)
  A wyvern skeleton (D:7)
  8 killer bees
  8 wights
  3 howler monkeys
  5 centaur zombies
  3 hounds
  5 orc priests
  A centaur skeleton (D:3)
  8 jellies
  3 iguanas
  7 orc wizards
  A hell rat (D:10)
  A killer bee zombie (D:8)
  3 howler monkey zombies
  4 adders
  5 gnolls (D:8)
  A river rat (D:5)
  4 shadow imps
  2 white imps
  2 ufetubi (D:5)
  3 adder skeletons (D:4)
  2 worms
  27 orcs
  7 ball pythons
  7 bats
  8 endoplasms
  5 giant cockroaches
  12 goblins
  12 hobgoblins
  11 kobolds
  10 quokkas
  3 frilled lizards (D:1)
  6 rats
291 creatures vanquished.

Vanquished Creatures (others)
  An orc wizard (D:4)
  46 foxfires
  8 fungi
  12 plants
  11 toadstools (D:6)
78 creatures vanquished.

Grand Total: 369 creatures vanquished

Notes
Turn   | Place    | Note
-------+----------+-------------------------------------------
     0 | D:1      | Ajdolov the Gnoll Cinder Acolyte began the quest for the
                  | Orb.
     0 | D:1      | Reached XP level 1. HP: 23/23 MP: 4/4
   210 | D:1      | Reached XP level 2. HP: 29/29 MP: 5/5
   573 | D:1      | Learned a level 2 spell: Scorch
   644 | D:1      | Reached XP level 3. HP: 31/35 MP: 5/7
   938 | D:2      | Reached skill level 1 in Invocations
  1255 | D:2      | Reached skill level 1 in Short Blades
  1255 | D:2      | Reached skill level 1 in Long Blades
  1255 | D:2      | Reached skill level 1 in Axes
  1255 | D:2      | Reached skill level 1 in Maces & Flails
  1255 | D:2      | Reached skill level 1 in Staves
  1255 | D:2      | Reached skill level 1 in Slings
  1255 | D:2      | Reached skill level 1 in Bows
  1255 | D:2      | Reached skill level 1 in Crossbows
  1255 | D:2      | Reached skill level 1 in Throwing
  1255 | D:2      | Reached skill level 1 in Armour
  1255 | D:2      | Reached skill level 1 in Dodging
  1255 | D:2      | Reached skill level 1 in Stealth
  1255 | D:2      | Reached skill level 1 in Shields
  1255 | D:2      | Reached skill level 1 in Unarmed Combat
  1255 | D:2      | Reached skill level 1 in Evocations
  1451 | D:2      | Reached XP level 4. HP: 41/41 MP: 5/8
  1730 | D:3      | Reached skill level 1 in Conjurations
  1730 | D:3      | Reached skill level 1 in Hexes
  1730 | D:3      | Reached skill level 1 in Summonings
  1730 | D:3      | Reached skill level 1 in Necromancy
  1730 | D:3      | Reached skill level 1 in Translocations
  1730 | D:3      | Reached skill level 1 in Transmutations
  1730 | D:3      | Reached skill level 1 in Ice Magic
  1730 | D:3      | Reached skill level 1 in Air Magic
  1730 | D:3      | Reached skill level 1 in Earth Magic
  1730 | D:3      | Reached skill level 1 in Poison Magic
  1976 | D:3      | Reached XP level 5. HP: 40/47 MP: 2/9
  2209 | D:3      | Found a shimmering blue altar of Sif Muna.
  2306 | D:3      | Reached XP level 6. HP: 38/53 MP: 0/11
  2510 | D:3      | Found a sparkling altar of Nemelex Xobeh.
  2619 | D:3      | Found a faded altar of an unknown god.
  3084 | D:4      | Reached XP level 7. HP: 30/59 MP: 1/12
  3838 | D:4      | Identified the +6 quarterstaff "Voruxed" {flame, rN++
                  | Str+3}
  4028 | D:5      | Entered Level 5 of the Dungeon
  4193 | D:5      | Found a staircase to the Ecumenical Temple.
  4385 | D:5      | Reached XP level 8. HP: 28/67 MP: 3/14
  5085 | D:5      | Identified the +1 leather armour of Tuhoac {rElec Dex+6}
  5607 | D:6      | Found Zixa's Magic Scroll Shoppe.
  5642 | D:6      | Reached XP level 9. HP: 5/72 MP: 1/16
  5957 | D:6      | Bought a scroll of blinking for 97 gold pieces
  5957 | D:6      | Bought a scroll of identify for 26 gold pieces
  6543 | D:6      | Reached skill level 5 in Spellcasting
  7431 | D:7      | Found a broken altar of Ashenzari.
  7440 | D:7      | Reached skill level 5 in Invocations
  7758 | D:7      | Found a sacrificial altar of Ru.
  8337 | D:7      | Found a glowing golden altar of the Shining One.
  8337 | D:7      | Found an iron altar of Okawaru.
  8422 | D:7      | Reached XP level 10. HP: 68/80 MP: 12/18
  8601 | D:8      | Noticed a two-headed ogre
  8605 | D:8      | Killed a two-headed ogre
  8606 | D:8      | Reached skill level 5 in Short Blades
  8606 | D:8      | Reached skill level 5 in Long Blades
  8606 | D:8      | Reached skill level 5 in Axes
  8606 | D:8      | Reached skill level 5 in Maces & Flails
  8606 | D:8      | Reached skill level 5 in Staves
  8606 | D:8      | Reached skill level 5 in Slings
  8606 | D:8      | Reached skill level 5 in Bows
  8606 | D:8      | Reached skill level 5 in Crossbows
  8606 | D:8      | Reached skill level 5 in Throwing
  8606 | D:8      | Reached skill level 5 in Armour
  8606 | D:8      | Reached skill level 5 in Dodging
  8606 | D:8      | Reached skill level 5 in Stealth
  8606 | D:8      | Reached skill level 5 in Shields
  8606 | D:8      | Reached skill level 5 in Unarmed Combat
  8606 | D:8      | Reached skill level 5 in Evocations
  8853 | D:8      | Noticed a two-headed ogre
  8882 | D:8      | Killed a two-headed ogre
  9206 | D:8      | Noticed a two-headed ogre
  9206 | D:8      | Noticed a tengu warrior
  9397 | D:8      | Found a basalt altar of Yredelemnul.
  9899 | D:8      | Noticed Joseph
 10167 | D:8      | Killed Joseph
 10411 | D:9      | Reached XP level 11. HP: 83/87 MP: 20/20
 11548 | D:9      | Reached skill level 5 in Conjurations
 11548 | D:9      | Reached skill level 5 in Hexes
 11548 | D:9      | Reached skill level 5 in Summonings
 11548 | D:9      | Reached skill level 5 in Necromancy
 11548 | D:9      | Reached skill level 5 in Translocations
 11548 | D:9      | Reached skill level 5 in Transmutations
 11548 | D:9      | Reached skill level 5 in Ice Magic
 11548 | D:9      | Reached skill level 5 in Air Magic
 11548 | D:9      | Reached skill level 5 in Earth Magic
 11548 | D:9      | Reached skill level 5 in Poison Magic
 12030 | D:9      | Found a hazy altar of Hepliaklqana.
 12164 | D:10     | Entered Level 10 of the Dungeon
 12417 | D:10     | Noticed a death yak
 12641 | D:10     | Noticed a death yak
 12646 | D:10     | Noticed a death yak
 12657 | D:10     | Killed a death yak
 12947 | D:10     | Killed a death yak
 13559 | D:10     | Found a staircase to the Lair.
 13587 | D:10     | Noticed a deep elf pyromancer
 13609 | D:10     | Killed a deep elf pyromancer
 13895 | D:10     | You fall into a shaft and drop 3 floors!
 13895 | D:13     | Noticed a centaur warrior
 14143 | D:11     | Noticed a seven-headed hydra
 14147 | D:11     | Noticed Grum
 14694 | D:10     | Found a runed translucent door.
 14695 | D:10     | Noticed Edirash's ghost (novice MiBe)
 14828 | D:10     | Identified the +1 spear of Mefe {elec, *Slow +Blink Int+4
                  | Dex+5}
 14862 | D:10     | Identified the +11 trident of Innocence {flame, rPois rF+}
 15034 | D:11     | Killed a seven-headed hydra
 15035 | D:11     | Reached XP level 12. HP: 64/96 MP: 18/23
 15058 | D:11     | Killed Grum
 15706 | D:7      | Fell from the grace of Ignis
 15706 | D:7      | Became a worshipper of Ru the Awakened
 16186 | Lair:1   | Entered Level 1 of the Lair of Beasts
 16305 | Lair:1   | Found a runed translucent gate.
 16305 | Lair:1   | Found a runed translucent gate.
 16305 | Lair:1   | Found a runed translucent gate.
 16604 | Lair:1   | Noticed ThereIsNoGod's ghost (journeyman DsAK)
 16606 | Lair:1   | Noticed a minotaur
 16702 | Lair:1   | Noticed an eight-headed hydra
 16717 | Lair:1   | Killed an eight-headed hydra
 18076 | Lair:1   | Noticed a five-headed hydra
 18083 | Lair:1   | Killed a five-headed hydra
 18089 | Lair:1   | Identified the +5 dagger of Farriump {vorpal, rN+ Int+2}
 18106 | Lair:1   | You fall into a shaft and drop 1 floor!
 18339 | Lair:2   | Noticed a seven-headed hydra
 18353 | Lair:2   | Killed a seven-headed hydra
 18354 | Lair:2   | Reached skill level 10 in Fighting
 18354 | Lair:2   | Reached skill level 10 in Polearms
 18405 | Lair:2   | Noticed Maggie
 18423 | Lair:2   | Killed Maggie
 18500 | Lair:2   | Gained mutation: You cannot be stealthy. [Ru sacrifice]
 18504 | Lair:2   | Noticed a seven-headed hydra
 18513 | Lair:2   | Killed a seven-headed hydra
 18761 | Lair:2   | HP: 2/97 [fire elemental[the fiery vengeance of Ignis]
                  | (10)]
 18761 | Lair:2   | Slain by a fire elemental

Illustrated notes

Levels and vault maps discovered:
D:1:      matt_arrival_los_fun, layout_basic
D:2:      layout_loops_ring, lightli_corner_chamber
D:3:      layout_loops_ring, nicolae_overflow_squiral,
          shapermc_ecumenical_altar_mp_urbaneastern
D:4:      layout_loops_ring
D:5:      layout_loops_ring, minmay_temple_entry_sparse_star,
          gup_sewer_entry_bubbles, grunt_ministairs_8, grunt_decor_cap
D:6:      cheibrodos_fertilizer, layout_cave_pools, serial_shops,
          nicolae_shop_hallway_stairs
D:7:      layout_basic, cheibrodos_ashenzari_chains, general_overflow_altar,
          gammafunk_temple_overflow_wave
D:8:      minmay_the_grid_octo_2x2 [minmay_the_grid_octo_horde,
          minmay_the_grid_octo_focus, minmay_the_grid_octo_empty,
          minmay_the_grid_octo_prize_single_spiral], layout_gridville,
          yredelemnul_altar_generic, enter_bailey_3, uniq_joseph
D:9:      layout_roguey, marbit_many_paths, kennysheep_minor_cross
D:10:     layout_basic, dpeg_lair_monsters, ebering_ghost_funeral_grove,
          onia_ninara_dug_in_and_dangerous
D:11:     layout_rooms, uniq_grum
D:12:     evilmike_iron_armoury, layout_long_grid, erik_orc_2,
          hangedman_decor_push
D:13:     layout_rooms, hangedman_vaults_entry_quadrant_bands,
          gauntlet_entry_generic, einodemon_crawler_minivault
Lair:1:   layout_gridlike, maelrawn_ghost_gauntlet_escape,
          grunt_forest_large_clearing_hut, lemuel_fruit_tree
Lair:2:   layout_chaotic_city, grunt_megastairs_4, uniq_gastronok, uniq_maggie,
          uniq_sonja

Skill      XL: |  1  2  3  4  5  6  7  8  9 10 11 12 |
---------------+-------------------------------------+-----
Invocations    | 1 2 3 4 5 6 7 8 |  8.3
Short Blades   | 1 2 3 4 5 6 7 |  7.5
Long Blades    | 1 2 3 4 5 6 7 |  7.5
Axes           | 1 2 3 4 5 6 7 |  7.5
Maces & Flails | 1 2 3 4 5 6 7 |  7.5
Staves         | 1 2 3 4 5 6 7 |  7.5
Slings         | 1 2 3 4 5 6 7 |  7.5
Bows           | 1 2 3 4 5 6 7 |  7.5
Crossbows      | 1 2 3 4 5 6 7 |  7.5
Throwing       | 1 2 3 4 5 6 7 |  7.5
Armour         | 1 2 3 4 5 6 7 |  7.5
Dodging        | 1 2 3 4 5 6 7 |  7.5
Stealth        | 1 2 3 4 5 6 0 |  0.0
Shields        | 1 2 3 4 5 6 7 |  7.5
Unarmed Combat | 1 2 3 4 5 6 7 |  7.5
Evocations     | 1 2 3 4 5 6 7 |  7.5
Spellcasting   | 3 4 5 6 7 8 |  8.1
Conjurations   | 1 2 3 4 5 6 |  6.3
Hexes          | 1 2 3 4 5 6 |  6.3
Summonings     | 1 2 3 4 5 6 |  6.3
Necromancy     | 1 2 3 4 5 6 |  6.3
Translocations | 1 2 3 4 5 6 |  6.3
Transmutations | 1 2 3 4 5 6 |  6.3
Ice Magic      | 1 2 3 4 5 6 |  6.3
Air Magic      | 1 2 3 4 5 6 |  6.3
Earth Magic    | 1 2 3 4 5 6 |  6.3
Poison Magic   | 1 2 3 4 5 6 |  6.3
Fighting       | 7 8 9 10 | 10.1
Polearms       | 7 8 9 10 | 10.1
Fire Magic     | 6 7 8 |  8.4

Action                   |  1- 3 |  4- 6 |  7- 9 | 10-12 || total
-------------------------+-------+-------+-------+-------++-------
Melee: Spear             |   166 |    69 |    20 |       ||   255
       Bite              |    10 |    11 |    24 |    47 ||    92
       Punch             |     4 |     1 |       |       ||     5
       Quarterstaff      |       |       |   151 |   409 ||   560
 Cast: Scorch            |     2 |    39 |    90 |   130 ||   261
Invok: Foxfire Swarm     |       |     1 |     2 |     2 ||     5
       Fiery Armour      |       |       |     2 |     4 ||     6
       Rising Flame      |       |       |       |     1 ||     1
       Sacrifice Stealth |       |       |       |     1 ||     1
Evoke: Wand              |       |       |       |    27 ||    27
  Use: Potion            |       |     1 |     3 |     9 ||    13
       Scroll            |       |       |       |    12 ||    12
 Stab: Sleeping          |       |       |     1 |     8 ||     9
       Distracted        |       |       |       |     2 ||     2
Armor: Robe              |    14 |       |       |       ||    14
       Ring mail         |    18 |    21 |    27 |       ||    66
       Leather armour    |       |       |    43 |   160 ||   203
       Skin              |       |       |       |    73 ||    73
Dodge: Dodged            |    55 |    30 |   151 |   393 ||   629

Table legend: (Time is in decaauts)
 A = Elapsed time spent in this place.
 B = Non-inter-level travel time spent in this place.
 C = Inter-level travel time spent in this place.
 D = Time resting spent in this place.
 E = Time spent auto-exploring this place.
 F = Levels seen in this place.
 G = Mean time per level.
                   A        B        C        D        E       F      G
               +--------+--------+--------+--------+--------+-----+--------+
         Total |  18730 |  17546 |   1184 |   3323 |  11298 |  15 | 1248.7 |
       Dungeon |  16177 |  14993 |   1184 |   2520 |   9869 |  13 | 1244.4 |
          Lair |   2552 |   2552 |      0 |    803 |   1429 |   2 | 1276.0 |
               +--------+--------+--------+--------+--------+-----+--------+

Top non-repeatable levels by time:
    D:10: 2585 daAuts
  Lair:1: 1899 daAuts
     D:7: 1894 daAuts
     D:6: 1833 daAuts
     D:8: 1809 daAuts
     D:9: 1484 daAuts
     D:5: 1465 daAuts
     D:4: 1118 daAuts
     D:3: 1060 daAuts
     D:2: 979 daAuts
    D:11: 917 daAuts
     D:1: 794 daAuts
  Lair:2: 652 daAuts
    D:12: 221 daAuts
    D:13: 13 daAuts
